 Dungeon Crawl Stone Soup version 0.29-a0-350-g7790a0e70a (webtiles) character file.

Game seed: 1019024339423029602

46 spaghetti the Digger (level 3, -1/21 HPs)
             Began as an Octopode Earth Elementalist on Apr 22, 2022.
             Was a Follower of Kikubaaqudgha.
             Splashed by a jelly's acid (8 damage)
             ... on level 2 of the Dungeon.
             The game lasted 00:03:08 (1887 turns).

spaghetti the Digger (Octopode Earth Elementalist)  Turns: 1887, Time: 00:03:09

Health: -1/21      AC: -3    Str:  7    XL:     3   Next: 68%
Magic:  6/6        EV: 13    Int: 19    God:    Kikubaaqudgha [*.....]
Gold:   89         SH:  0    Dex: 12    Spells: 6/7 levels left

rFire   x . .      SeeInvis .   i - +0 broad axe {axe}
rCold   + + .      Faith    .   (no shield)
rNeg    . . .      Spirit   .   (helmet restricted)
rPois   .          Reflect  .   l - amulet of the acrobat
rElec   .          Harm     .   k - ring of protection from cold
rCorr   .          Rampage  .   d - ring of ice
Will    .....                   (no ring)
Stlth   +++.......              (no ring)
HPRegen 0.07/turn               (no ring)
MPRegen 0.10/turn               (no ring)
                                (no ring)
                                (no ring)

@: corroded
A: almost no armour, amphibious, 8 rings, camouflage 1, gelatinous body 1,
(nimble swimmer 1), tentacles
a: Renounce Religion, Receive Corpses


You were on level 2 of the Dungeon.
You worshipped Kikubaaqudgha.
Kikubaaqudgha was aware of your devotion.
You visited 1 branch of the dungeon, and saw 2 of its levels.

You collected 89 gold pieces.


Innate Abilities, Weirdness & Mutations

You cannot wear most types of armour.
You are amphibious.
You can wear up to eight rings at the same time.
Your skin changes colour to match your surroundings (Stealth+).
Your rubbery body absorbs attacks. (AC +1, EV +1)
((You are camouflaged when in or above water. (Stealth+)))
You have tentacles for arms and can constrict up to eight enemies at once.


   Skills:
 + Level 2.3 Dodging
 + Level 3.2 Stealth
 * Level 2.5 Spellcasting
 * Level 1.1 Necromancy
 + Level 1.3 Transmutations
 + Level 3.2 Earth Magic


You had 6 spell levels left.
You knew the following spells:

 Your Spells              Type           Power      Damage    Failure   Level
a - Sandblast             Erth           28%        2d8       4%          1

Your spell library contained the following spells:

 Spells                   Type           Power      Damage    Failure   Level
 Animate Skeleton         Necr           12%        N/A       10%         1
 Pain                     Necr           24%        1d5       10%         1
 Passwall                 Tmut/Erth      9%         N/A       10%         2
 Sublimation of Blood     Necr           6%         N/A       16%         2
 Stone Arrow              Conj/Erth      16%        3d8       24%         3
 Vampiric Draining        Necr           6%         2d6       30%         3
 Petrify                  Tmut/Erth      11%        N/A       52%         4

Inventory:

Hand Weapons
 h - a +0 hand axe {axe}
   (You found it on level 1 of the Dungeon)
 i - a +0 broad axe (weapon) {axe}
   (You found it on level 1 of the Dungeon)
 n - a +2 great sword of flaming {long}
   (You found it on level 2 of the Dungeon)
 o - a +1 dagger of speed {short}
   (You took it off a goblin on level 2 of the Dungeon)
Missiles
 a - 76 stones {throwing}
 j - 5 poisoned darts {throwing}
Jewellery
 d - a ring of ice (right tentacle)
   (You found it on level 1 of the Dungeon)
 k - a ring of protection from cold (left tentacle)
   (You found it on level 1 of the Dungeon)
 l - an amulet of the acrobat (around mantle)
   (You found it on level 1 of the Dungeon)
Scrolls
 c - 3 scrolls of identify {unknown}
 g - 2 scrolls of holy word {unknown}
 q - a scroll of torment {unknown}
 s - a scroll of amnesia {unknown}
Potions
 b - a potion of magic
 e - a potion of berserk rage {unknown}
 f - 3 potions of curing {unknown}
 m - a potion of flight {unknown}
 p - a potion of degeneration {unknown}
 r - a potion of mutation {unknown}

Dungeon Overview and Level Annotations

Branches:
Dungeon (2/15)

Altars:
Kikubaaqudgha

†...#+# #.# #...# #.
....... #.# #...# #.
....... #.# #.#.# #.
#.##...
#####+###.###.#.## #.
...+ .
#...........#....# #.
#.##
#.......####..#..###
#..................#
.#######..#.....#.....##
......J@##.#.###.##...#.
######.##.8.###.⌠.##..#.
#...####.###.#.####.#.
#...#.#.#.#.#.###.#...
#..#.⌠.###.⌠.###.⌠.#.#
#...#.#.#.#.###.#.#...
#. ####.#.#.#.####... ##
#.8.###.⌠.##....
##.#.#.#.##.....


You could see a jelly.


Message History

A hobgoblin is nearby!
The hobgoblin shouts!
A rat comes into view.
The hobgoblin completely misses you.
You closely miss the hobgoblin. Your grab misses the hobgoblin.
The hobgoblin barely misses you. The hobgoblin hits you. 😕 HP[-5]
You take 5 damage, and now have 16/21 hp.
MASSIVE DAMAGE!! (PAUSE)
You closely miss the hobgoblin. Your grab misses the hobgoblin.
The hobgoblin closely misses you.
You barely miss the hobgoblin. You grab the hobgoblin.
You squeeze the hobgoblin.
You kill the hobgoblin!
Kikubaaqudgha accepts your kill.
You hit the rat.
You kill the rat!
Kikubaaqudgha accepts your kill.
Key pressed, stopping explore.
s - a scroll labelled UMECIXZORUT 😎 HP[+5]
Your hp is fully restored (21).
There is a fountain of clear blue water here.
g - 2 scrolls labelled KUZEAT IMODDOPS (gained 1) Key pressed, stopping explore.
Found a stone staircase leading down. 🤖 Initializing magus.rc ...
Options error: Delay interrupt name "hungry" not recognised. (~/.crawlrc:4761) Options error: Bad monster_list_colour key: strict_neutral (~/.crawlrc:4776) ✅ Successfully initialized magus.rc [v1.9.6] Welcome back, spaghetti the Octopode Earth Elementalist.
Kikubaaqudgha says: Spread unending torment and darkness!
Press ? for a list of commands and other information. 🤖 Initializing magus.rc ...
Options error: Delay interrupt name "hungry" not recognised. (~/.crawlrc:4761) Options error: Bad monster_list_colour key: strict_neutral (~/.crawlrc:4776) ✅ Successfully initialized magus.rc [v1.9.6] Welcome back, spaghetti the Octopode Earth Elementalist.
Kikubaaqudgha says: Spread unending torment and darkness!
Press ? for a list of commands and other information.
Unknown command.
You open the door.
Found a stone staircase leading down.
There is an open door here.
A goblin comes into view. It is wielding a +0 dagger.
A goblin is nearby!
A goblin is nearby!
The goblin shouts!
The goblin hits you with a +0 dagger.
You closely miss the goblin. You grab the goblin. You constrict the goblin.
The goblin hits you with a +0 dagger. x2
You are too injured to fight recklessly! 😮 HP[-6]
You take 6 damage, and now have 15/21 hp.
MASSIVE DAMAGE!! (PAUSE)
You slash the goblin!
You kill the goblin!
Kikubaaqudgha accepts your kill. 😕 HP[+1]
You see here a +0 dagger {short}.
Unknown command.
You start resting. 😎 HP[+5]
Your hp is fully restored (21).
There is a stone staircase leading down here.
You open the door.
There is an open door here.
You see here a rat skeleton.
Key pressed, stopping explore.
A jelly comes into view.
A jelly is nearby!
A jelly is nearby!
The helpless jelly fails to defend itself.
You slash the jelly! The acid corrodes you!
Your tentacles burn!
You squeeze the jelly. The jelly barely misses you. 😕 HP[-3]
You take 3 damage, and now have 18/21 hp.
You are too injured to fight recklessly!
You are too injured to fight recklessly!
You are too injured to fight recklessly!
You are too injured to fight recklessly!
You are too injured to fight recklessly!
You are too injured to fight recklessly!
You are too injured to fight recklessly!
You are too injured to fight recklessly!
You are too injured to fight recklessly!
You are too injured to fight recklessly!
You are too injured to fight recklessly!
You are too injured to fight recklessly!
You are too injured to fight recklessly!
You are too injured to fight recklessly!
Unknown command.
You hit the jelly.
Your tentacles burn!
The jelly hits you.
You are splashed with acid.
* * * LOW HITPOINT WARNING * * *
The jelly hits you.
* * * LOW HITPOINT WARNING * * *
You are splashed with acid!
You die...
Kikubaaqudgha rasps: "You have failed me!
Welcome... death!"

Skill      XL: |  1  2  3 |
---------------+----------+-----
Stealth        | 3 |  3.2
Necromancy     | 1 |  1.1
Dodging        | |  2.3
Spellcasting   | |  2.5
Transmutations | |  1.3
Earth Magic    | |  3.2

Action                   || total
-------------------------++-------
Melee: Tentacles         ||     9
       Unarmed           ||     4
       Broad axe         ||    43
       Constrict         ||    10
 Cast: Sandblast         ||     3
  Use: Scroll            ||     1
 Stab: Sleeping          ||     6
Armor: Skin              ||     2
Dodge: Dodged            ||    41

Levels and vault maps discovered:
D:1:      dpeg_arrival_tiny_i, layout_rooms,
          hellmonk_ecumenical_altar_dog_temple
D:2:      layout_basic, grunt_decor_mini_mirrors, minmay_unequal

Notes
Turn   | Place    | Note
-------+----------+-------------------------------------------
     0 | D:1      | spaghetti the Octopode Earth Elementalist began the quest
                  | for the Orb.
     0 | D:1      | Reached XP level 1. HP: 11/11 MP: 3/3
     0 | D:1      | magus.rc [v1.9.6]
    36 | D:1      | Found a faded altar of an unknown god.
    51 | D:1      | Prayed at the altar of an unknown god.
    51 | D:1      | Became a worshipper of Kikubaaqudgha
    51 | D:1      | Reached * piety under Kikubaaqudgha
    51 | D:1      | You add the spells Animate Skeleton, Pain, Sublimation of
                  | Blood and Vampiric Draining to your library.
    51 | D:1      | Received a gift from Kikubaaqudgha
   413 | D:1      | Reached XP level 2. HP: 16/17 MP: 5/5
   869 | D:2      | Reached skill level 3 in Stealth
   984 | D:2      | HP: 4/17 [goblin/+1 dagger of speed (2)]
   984 | D:2      | HP: 1/17 [goblin/+1 dagger of speed (3)]
  1321 | D:2      | Reached XP level 3. HP: 15/21 MP: 6/6
  1554 | D:2      | Reached skill level 1 in Necromancy
  1769 | D:2      | magus.rc [v1.9.6]
  1769 | D:2      | magus.rc [v1.9.6]
  1887 | D:2      | Splashed by a jelly's acid

Vanquished Creatures
  2 adders (D:2)
  4 endoplasms
  A giant cockroach (D:1)
  5 goblins
  A hobgoblin (D:2)
  7 jackals
  A quokka (D:1)
  3 rats
24 creatures vanquished.

Vanquished Creatures (collateral kills)
  A kobold (D:1)
1 creature vanquished.

Grand Total: 25 creatures vanquished

Table legend:
 A = Non-vault XP
 B = Vault XP
 C = Vault XP percentage of total XP
 D = Non-vault monster count
 E = Vault monster count
 F = Vault count percentage of total count
                 A         B        C        D         E       F
            +---------+---------+-------+---------+---------+-------
      Total |      57 |      10 |  14.9 |      20 |       5 |  20.0
            +---------+---------+-------+---------+---------+-------
        D:1 |      12 |       6 |  33.3 |       7 |       3 |  30.0
        D:2 |      45 |       4 |   8.2 |      13 |       2 |  13.3
            +---------+---------+-------+---------+---------+-------

Illustrated notes

Table legend:
 A = Kills in this place as a percentage of kills in entire the game.
 B = Kills by you in this place as a percentage of kills by you in the entire game.
 C = Kills by friends in this place as a percentage of kills by friends in the entire game.
 D = Other kills in this place as a percentage of other kills in the entire game.
 E = Experience gained in this place as a percentage of experience gained in the entire game.
 F = Experience gained in this place divided by the number of levels of this place that you have seen.
                   A       B       C       D       E      F
               +-------+-------+-------+-------+-------+----------------------
         Total | 100.0 | 100.0 | 100.0 |   N/A | 100.0 |  33.5
       Dungeon | 100.0 | 100.0 | 100.0 |   N/A | 100.0 |  33.5
               +-------+-------+-------+-------+-------+----------------------

Table legend: (Time is in decaauts)
 A = Elapsed time spent in this place.
 B = Non-inter-level travel time spent in this place.
 C = Inter-level travel time spent in this place.
 D = Time resting spent in this place.
 E = Time spent auto-exploring this place.
 F = Levels seen in this place.
 G = Mean time per level.
                   A        B        C        D        E       F      G
               +--------+--------+--------+--------+--------+-----+--------+
         Total |   1910 |   1879 |     31 |    508 |   1171 |   2 |  955.0 |
       Dungeon |   1910 |   1879 |     31 |    508 |   1171 |   2 |  955.0 |
               +--------+--------+--------+--------+--------+-----+--------+

Top non-repeatable levels by time:
     D:2: 1040 daAuts
     D:1: 870 daAuts
